 Dungeon Crawl Stone Soup version 0.18.1-8-gdd0e5ea (webtiles) character file.

1001 Quirk the Shield-Bearer (level 8, -1/70 HPs)
             Began as a Minotaur Fighter on June 9, 2016.
             Killed by divine providence
             ... invoked by an orc priest
              (12 damage)
             ... on level 6 of the Dungeon.
             The game lasted 00:09:05 (4658 turns).

Quirk the Shield-Bearer (Minotaur Fighter)          Turns: 4658, Time: 00:09:06

Health: -1/70      AC:  0    Str: 22    XL:     8   Next: 0%
Magic:  7/7        EV: 10    Int:  5    God:
Gold:   281        SH: 10    Dex: 11    Spells: 0 memorised, 7 levels left

rFire  . . .     SeeInvis .     a - +0 war axe
rCold  . . .     Gourm    .     k - +0 scale mail (curse)
rNeg   . . .     Faith    .     c - +0 shield
rPois  .         Spirit   .     (helmet restricted)
rElec  .         Dismiss  .     (no cloak)
rCorr  .         Reflect  .     (no gloves)
SustAt .         Harm     .     (no boots)
MR     .....                    (no amulet)
Stlth  ..........               (no ring)
                                (no ring)

@: corroded, not resistant to hostile enchantments, extremely unstealthy
A: retaliatory headbutt, horns 2
a: no special abilities


You were on level 6 of the Dungeon.
You were not hungry.

You visited 1 branch of the dungeon, and saw 6 of its levels.

You collected 281 gold pieces.

Inventory:

Hand Weapons
 a - a +0 war axe (weapon)
Armour
 b - a +0 scale mail
 c - a +0 shield (worn)
 k - a cursed +0 scale mail (worn)
Wands
 y - a wand of disintegration (12/24)
Scrolls
 e - 2 scrolls of fog {unknown}
 g - 2 scrolls of immolation {unknown}
 i - 3 scrolls of random uselessness {unknown}
 l - a scroll of amnesia {unknown}
 m - 2 scrolls of recharging {unknown}
 n - 2 scrolls of remove curse {unknown}
 o - 3 scrolls of noise {unknown}
 q - a scroll of teleportation {unknown}
 t - 3 scrolls of enchant armour {unknown}
 u - a scroll of fear {unknown}
 v - 7 scrolls of identify {unknown}
 z - a scroll of magic mapping {unknown}
 C - a scroll of enchant weapon {unknown}
 D - a scroll of blinking {unknown}
Potions
 d - a potion of might
 h - 3 potions of degeneration {unknown}
 j - 3 potions of curing
 x - a potion of flight {unknown}
 B - a potion of berserk rage {unknown}
Comestibles
 f - 4 bread rations
 p - 3 meat rations
 s - 2 slices of pizza
 w - 5 fruits
 A - 4 chunks of flesh


   Skills:
 + Level 6.0 Fighting
 + Level 5.6 Axes
 + Level 5.8 Armour
 + Level 4.3 Dodging
 + Level 6.1 Shields


You had 7 spell levels left.
You didn't know any spells.

Dungeon Overview and Level Annotations

Branches:
Dungeon (6/15)
 Temple: D:4-7

Altars:
Kikubaaqudgha
Makhleb
Qazlal
Vehumet
Yredelemnul


Innate Abilities, Weirdness & Mutations

You reflexively headbutt those who attack you in melee.
You have a pair of horns on your head.


Message History

You hit the orc.
You kill the orc!
You hit the orc.
The orc is severely wounded.
You block the orc wizard's attack. The orc hits you with a hand axe.
* * * LOW HITPOINT WARNING * * *
You block the orc wizard's attack. The orc priest barely misses you.
The orc barely misses you.
Unknown command.
Unknown command.
You barely miss the orc priest.
The orc priest is almost dead.
You closely miss the orc.
The orc is severely wounded.
Your shield and scale mail prevent you from hitting the orc wizard.
The orc wizard is almost dead.
You block the orc wizard's attack.
The orc priest mumbles some strange prayers to Beogh against you.
Beogh smites you!
You die...

. ##...# # ..
#...# # ##o
#...# # ...
##.## # #.###
#.# ########
#...###'##
#......(
#.)......#
#......<
.####..[)(...#
#.....(.
.......o@....#
#.......
.......oo....#
#....)..
.....###$....#
#....... .....
#...##..#
#.....## ####
#...# ..#
#.....# #...#
.... #.....#
#...#
....##.....#
#...#
...##.....#
##...
..##.....#


You could see an orc priest, an orc wizard and an orc.

Vanquished Creatures
  An ice beast (D:5)
  An ogre (D:4)
  2 centaurs
  A howler monkey (D:5)
  2 crimson imps
  A hound (D:5)
  A jelly (D:6)
  3 orc priests
  An iguana (D:5)
  An orc wizard (D:4)
  2 worker ants
  2 hound skeletons
  A mummy (D:5)
  A worker ant zombie (D:5)
  8 adders
  3 gnolls (D:3)
  2 shadow imps
  2 oozes
  An adder zombie (D:6)
  3 worms
  2 dart slugs (D:1)
  2 giant geckos
  12 orcs
  7 bats
  6 giant cockroaches
  8 goblins
  5 hobgoblins
  22 jackals
  2 quokkas
  4 giant newts
  2 hobgoblin zombies (D:5)
  9 kobolds
  A kobold zombie (D:5)
  An orc zombie (D:5)
  8 rats
130 creatures vanquished.

Vanquished Creatures (others)
  A human (D:3)
1 creature vanquished.

Grand Total: 131 creatures vanquished

Notes
Turn   | Place    | Note
--------------------------------------------------------------
     0 | D:1      | Quirk the Minotaur Fighter began the quest for the Orb.
     0 | D:1      | Reached XP level 1. HP: 19/19 MP: 0/0
   196 | D:1      | Reached XP level 2. HP: 27/27 MP: 1/1
   965 | D:2      | Reached XP level 3. HP: 33/33 MP: 2/2
  1189 | D:2      | Reached skill level 1 in Dodging
  1504 | D:2      | Found a radiant altar of Vehumet.
  1504 | D:2      | Found a burning altar of Makhleb.
  1641 | D:2      | Found a stormy altar of Qazlal.
  1646 | D:2      | Found a basalt altar of Yredelemnul.
  1697 | D:3      | Reached XP level 4. HP: 40/40 MP: 3/3
  1782 | D:3      | Found an ancient bone altar of Kikubaaqudgha.
  1782 | D:3      | Noticed a human
  1785 | D:3      | Killed a human
  2046 | D:3      | Reached XP level 5. HP: 34/47 MP: 4/4
  2709 | D:4      | Reached XP level 6. HP: 53/55 MP: 5/5
  2719 | D:4      | Reached skill level 5 in Fighting
  2719 | D:4      | Reached skill level 5 in Shields
  3227 | D:5      | Entered Level 5 of the Dungeon
  3313 | D:5      | Reached skill level 5 in Armour
  3472 | D:5      | Reached XP level 7. HP: 50/61 MP: 6/6
  4110 | D:5      | Reached skill level 5 in Axes
  4653 | D:6      | HP: 1/63 [orc wizard/dagger (6)]
  4656 | D:6      | Reached XP level 8. HP: 21/70 MP: 7/7
  4658 | D:6      | Killed from afar by an orc priest

Skill      XL: |  1  2  3  4  5  6  7 |
---------------+----------------------+-----
Axes           | 3 4 5 |  5.6
Shields        | 4 5 6 |  6.1
Armour         | 4 5 |  5.8
Fighting       | 4 5 6 |  6.0
Dodging        | 1 2 3 4 |  4.3

Action                   |  1- 3 |  4- 6 |  7- 9 || total
-------------------------+-------+-------+-------++-------
Melee: War axe           |    98 |   156 |    82 ||   336
       Headbutt          |    16 |    29 |    17 ||    62
  Use: Potion            |       |     1 |     2 ||     3
  Eat: Chunk             |     2 |     6 |     4 ||    12
Armor: Scale mail        |    51 |    65 |    20 ||   136
Dodge: Dodged            |    29 |    66 |    42 ||   137
Block: Shield            |    56 |    95 |    56 ||   207
